 Dungeon Crawl Stone Soup version 0.27.1-34-g3ba077fa99 (webtiles) character file.

Game seed: 16248253300424109674

14 Descartes the Grasshopper (level 2, 0/15 HPs)
             Began as a Spriggan Warper on Jan 9, 2022.
             Succumbed to an adder's poison
             ... on level 2 of the Dungeon.
             The game lasted 00:01:33 (1020 turns).

Descartes the Grasshopper (Spriggan Warper)         Turns: 1020, Time: 00:01:33

Health: 0/15       AC:  2    Str:  7    XL:     2   Next: 27%
Magic:  6/6        EV: 17    Int: 14    God:
Gold:   50         SH:  0    Dex: 14    Spells: 4/6 levels left

rFire    . . .     SeeInvis +   a - +0 short sword
rCold    . . .     Faith    .   (shield restricted)
rNeg     . . .     Spirit   .   b - +0 robe
rPois    .         Reflect  .   (helmet restricted)
rElec    .         Harm     .   (no cloak)
rCorr    .         Rampage  .   (gloves unavailable)
Will     .....                  (boots unavailable)
Stlth    ++........             (no amulet)
HPRegen  0.05/turn              (no ring)
MPRegen  0.10/turn              (no ring)

@: brilliant, lethally poisoned (0 -> -1), very quick
A: very small, no large weapons, unfitting armour, see invisible, speed 3
a: no special abilities


You were on level 2 of the Dungeon.
You visited 1 branch of the dungeon, and saw 2 of its levels.

You collected 50 gold pieces.

Inventory:

Hand Weapons
 a - a +0 short sword (weapon)
Missiles
 d - 5 boomerangs of dispersal (quivered)
 e - 39 stones
 h - 24 arrows
 i - 19 poisoned darts
Armour
 b - a +0 robe (worn)
Scrolls
 c - a scroll of blinking
 g - a scroll of amnesia {unknown}
 k - a scroll of vulnerability {unknown}
Potions
 j - a potion of flight {unknown}


   Skills:
 + Level 1.7 Fighting
 + Level 2.3 Short Blades
 + Level 1.1 Throwing
 + Level 3.4 Dodging
 + Level 0.8 Stealth
 + Level 2.8 Spellcasting
 + Level 4.5 Translocations


You had 4 spell levels left.
You knew the following spells:

 Your Spells              Type           Power      Damage    Failure   Level
a - Blink                 Tloc           N/A        N/A       4%          2

Your spell library contained the following spells:

 Spells                   Type           Power      Damage    Failure   Level
 Gell's Gravitas          Tloc           11%        N/A       10%         3
 Lesser Beckoning         Tloc           11%        N/A       10%         3
 Teleport Other           Tloc           22%        N/A       10%         3
 Portal Projectile        Hex/Tloc       24%        N/A       26%         3
 Call Canine Familiar     Summ           3%         N/A       54%         3
 Leda's Liquefaction      Hex/Erth       1%         N/A       91%         4
 Manifold Assault         Tloc           22%        N/A       67%         5


Dungeon Overview and Level Annotations

Branches:
Dungeon (2/15)

Altars:


Innate Abilities, Weirdness & Mutations

You are very small and have problems with some larger weapons.
You are too small for most types of armour.
You have supernaturally acute eyesight. (SInv)
You cover ground extremely quickly. (Speed+++)


Message History

No target in view!
No target in view!
No target in view!
No target in view!
No target in view!
Found a triangular bronze amulet.
Found a robe.
No target in view!
An adder comes into view.
The adder hisses angrily.
An adder is nearby!
A goblin comes into view. It is wielding a +0 dagger.
The goblin shouts!
An adder and a hobgoblin come into view.
The adder completely misses you.
You miss the adder. The adder bites you.
You are poisoned.
The adder poisons you!
You hit the adder.
The adder is lightly wounded.
You feel sick. The adder bites you.
You miss the adder.
The adder is lightly wounded.
You feel sick. The adder barely misses you. The adder bites you.
You miss the adder.
The adder is lightly wounded.
You feel sick. The adder closely misses you. The adder misses you.
The adder bites you.
* * * LOW HITPOINT WARNING * * *
The goblin hits you but does no damage.
You are too injured to fight recklessly!
You are too injured to fight recklessly!
You are too injured to fight recklessly!
* * * LOW HITPOINT WARNING * * *
You feel sick.
* * * LOW HITPOINT WARNING * * *
You feel sick.
It was a potion of brilliance.
You feel clever all of a sudden.
You die...

..... #........... ..#
#.... #........... ..#.
#...#######.......###
....###...#...##........###
...........................
..............##...#.......
............####...........
........S...####.....####..
#....gS@..........# #..
....[..g........#....####..
......"###.................
....... #.........#.......
####... ..........#..[..##
..... ................#
...... ..#####........##
...... .... .........#
..........#


You could see 2 adders, a hobgoblin and a goblin.

Vanquished Creatures
  A dart slug (D:1)
  2 ball pythons (D:1)
  2 endoplasms (D:2)
  2 goblins
  A quokka (D:1)
  A frilled lizard (D:1)
  A rat (D:1)
10 creatures vanquished.

Notes
Turn   | Place    | Note
-------+----------+-------------------------------------------
     0 | D:1      | Descartes the Spriggan Warper began the quest for the Orb.
     0 | D:1      | Reached XP level 1. HP: 10/10 MP: 5/5
   565 | D:1      | Reached XP level 2. HP: 13/15 MP: 6/6
   568 | D:1      | Learned a level 2 spell: Blink
  1020 | D:2      | Succumbed to an adder's poison

Illustrated notes

Levels and vault maps discovered:
D:1:      mrwooster_arrival_arrow, layout_basic, corexii_corridor_pit,
          grunt_decor_arrowhead, minmay_pentomino_u2
D:2:      layout_basic, minmay_misc_feat_five

Action                   || total
-------------------------++-------
Melee: Short sword       ||    30
  Use: Potion            ||     1
 Stab: Sleeping          ||     1
Armor: Robe              ||     2
Dodge: Dodged            ||    20
